 Dungeon Crawl Stone Soup version 0.27.1-34-g3ba077fa99 (webtiles) character file.

Game seed: 294254468888312104

233 Delamore the Covert (level 6, 0/39 HPs)
             Began as an Octopode Brigand on Jan 31, 2022.
             Was an Initiate of Gozag.
             Slain by an orc priest (6 damage)
             ... on level 4 of the Dungeon.
             The game lasted 00:03:24 (3745 turns).

Delamore the Covert (Octopode Brigand)              Turns: 3745, Time: 00:03:25

Health: 0/39       AC:  1    Str: 11    XL:     6   Next: 5%
Magic:  6/6        EV: 12    Int: 13    God:    Gozag
Gold:   276        SH:  0    Dex: 15    Spells: 5/5 levels left

rFire    . . .     SeeInvis .   q - +0 short sword (elec)
rCold    . . .     Faith    .   (no shield)
rNeg     . . .     Spirit   .   (helmet restricted)
rPois    .         Reflect  .   (no amulet)
rElec    .         Harm     .   (no ring)
rCorr    .         Rampage  .   (no ring)
Will     .....                  (no ring)
Stlth    +++++.....             (no ring)
HPRegen  0.13/turn              (no ring)
MPRegen  0.10/turn              (no ring)
                                (no ring)
                                (no ring)

@: flying
A: almost no armour, amphibious, 8 rings, camouflage 1, gelatinous body 1,
(nimble swimmer 1), tentacles
a: Renounce Religion, Potion Petition, Call Merchant, Bribe Branch


You were on level 4 of the Dungeon.
You worshipped Gozag.
Gozag was aware of your devotion.
You visited 1 branch of the dungeon, and saw 4 of its levels.

You collected 314 gold pieces.
You paid 38 gold pieces to Gozag.

Inventory:

Hand Weapons
 a - a +2 dagger
 q - a +0 short sword of electrocution (weapon)
 t - a +0 rapier
Missiles
 b - 24 poisoned darts (quivered)
 c - 2 curare-tipped darts
 o - 2 boomerangs
Jewellery
 d - a ring of fire
 p - a ring of willpower
Wands
 n - a wand of flame (19)
Scrolls
 e - 2 scrolls of fog
 j - 3 scrolls of teleportation
 k - a scroll of holy word
 l - a scroll of noise
 r - a scroll of amnesia {unknown}
 s - a scroll of enchant armour {unknown}
Potions
 f - 2 potions of curing {unknown}
 g - 3 potions of flight
 h - a potion of invisibility {unknown}
 i - a potion of attraction {unknown}
 m - 2 potions of haste {unknown}


   Skills:
 - Level 2.0 Fighting
 + Level 3.8 Short Blades
 - Level 2.0 Throwing
 - Level 1.0 Dodging
 * Level 8.7 Stealth


You had 5 spell levels left.
You didn't know any spells.
Your spell library was empty.

Dungeon Overview and Level Annotations

Branches:
Dungeon (4/15)
 Temple: D:4-7

Altars:
Cheibriados
Gozag
Nemelex Xobeh
Uskayaw
The Shining One

Shops:
D:4 =


Innate Abilities, Weirdness & Mutations

You cannot wear most types of armour.
You are amphibious.
You can wear up to eight rings at the same time.
Your skin changes colour to match your surroundings (Stealth+).
Your rubbery body absorbs attacks. (AC +1, EV +1)
((You are camouflaged near water. (Stealth+)))
You have tentacles for arms and can constrict up to eight enemies at once.


Message History

No target in view!
Things that are here:
7 gold pieces; a +1 hand axe of freezing; a +0 ring mail
Found 17 gold pieces.
An orc and 2 orc priests come into view.
There are monsters nearby!
There are monsters nearby!
Found a pair of runed boots. 2 orcs come into view.
The orc priest shouts! x2; The orc shouts! x3
The orc priest hits you with a +0 short sword.
The orc priest hits you with a +0 war axe!
You closely miss the orc priest. Your grab misses the orc priest.
The orc priest calls down the wrath of Beogh upon you.
You barely resist.
The orc priest hits you with a +0 war axe!
You are too injured to fight recklessly!
You are too injured to fight recklessly!
You are too injured to fight recklessly!
You are too injured to fight recklessly!
You are too injured to fight recklessly!
You are too injured to fight recklessly!
You are too injured to fight recklessly!
You are too injured to fight recklessly!
You are too injured to fight recklessly!
You are too injured to fight recklessly!
You are too injured to fight recklessly!
You are too injured to fight recklessly!
You are too injured to fight recklessly!
You closely miss the orc priest. You grab the orc priest.
You constrict the orc priest, but do no damage.
The orc priest hits you with a +0 short sword.
The orc priest hits you with a +0 war axe!
* * * LOW HITPOINT WARNING * * *
It was a potion of flight.
You feel very buoyant.
You fly up into the air.
You constrict the orc priest.
The orc priest hits you with a +0 short sword.
You die...
Your body crumbles into a pile of gold.

##.## #..##.......#
###$.## ##..##....#####
...$$.###..####...$##.#
...#...##..# ##.....#
#####.....## #....## #
##$...# ##..## #...##
##.## ##..# #..# #..#
#@## #..# #oo# ....
.oo## ..........o
###..[ #... #... ....


You could see 2 orc priests and 3 orcs.

Vanquished Creatures
  An orc priest (D:3)
  A bullfrog skeleton (D:4)
  Terence (D:3)
  An orc wizard (D:3)
  A gnoll (D:3)
  3 adders (D:2)
  An adder skeleton (D:4)
  2 worms
  A dart slug (D:4)
  9 orcs
  7 endoplasms
  4 giant cockroaches
  5 goblins
  8 hobgoblins
  7 kobolds
  2 quokkas (D:2)
  6 ball pythons
  4 bats
  A frilled lizard (D:3)
  4 rats
69 creatures vanquished.

Notes
Turn   | Place    | Note
-------+----------+-------------------------------------------
     0 | D:1      | Delamore the Octopode Brigand began the quest for the Orb.
     0 | D:1      | Reached XP level 1. HP: 14/14 MP: 1/1
   145 | D:1      | Found a faded altar of an unknown god.
   414 | D:1      | Reached XP level 2. HP: 19/19 MP: 2/2
   626 | D:1      | Reached skill level 6 in Stealth
  1071 | D:2      | Reached XP level 3. HP: 21/24 MP: 3/3
  1580 | D:2      | Found a sparkling altar of Nemelex Xobeh.
  1647 | D:2      | Reached skill level 7 in Stealth
  1647 | D:2      | Reached XP level 4. HP: 29/29 MP: 4/4
  2164 | D:3      | Found a snail-covered altar of Cheibriados.
  2370 | D:3      | Found a glowing golden altar of the Shining One.
  2376 | D:3      | Found an opulent altar of Gozag.
  2386 | D:3      | Became a worshipper of Gozag Ym Sagoz the Greedy
  2391 | D:3      | Found a hide-covered altar of Uskayaw.
  2427 | D:3      | Noticed Terence
  2432 | D:3      | Killed Terence
  2570 | D:3      | Reached XP level 5. HP: 34/34 MP: 5/5
  2578 | D:3      | Reached skill level 8 in Stealth
  3366 | D:4      | Found Vury's Jewellery Boutique.
  3391 | D:4      | Reached XP level 6. HP: 27/39 MP: 6/6
  3745 | D:4      | Slain by an orc priest

Illustrated notes

Levels and vault maps discovered:
D:1:      dpeg_arrival_short_road, layout_basic, ebering_ecumenical_altar_ruins
D:2:      layout_basic, basic_altar
D:3:      minmay_razor_zed, layout_loops_ring, cheibrodos_worm_habitat,
          minmay_overflow_temple_star_quad, minmay_hedge_maze, st_stairs_8,
          uniq_terence
D:4:      layout_layer_cave, serial_shops, nicolae_shop_stone,
          hangedman_abyss_or_decor_stagger

Skill      XL: |  1  2  3  4  5 |
---------------+----------------+-----
Stealth        | 6 7 8 |  8.7
Short Blades   | 3 |  3.8
Fighting       | |  2.0
Throwing       | |  2.0
Dodging        | |  1.0

Action                   |  1- 3 |  4- 6 || total
-------------------------+-------+-------++-------
Melee: Dagger            |    43 |    34 ||    77
       Constrict         |    10 |    11 ||    21
       Tentacles         |     7 |     7 ||    14
       Short sword       |       |    25 ||    25
  Use: Scroll            |     2 |     2 ||     4
       Potion            |       |     1 ||     1
 Stab: Sleeping          |    17 |    21 ||    38
Armor: Skin              |     1 |     4 ||     5
Dodge: Dodged            |    15 |    10 ||    25
